Devils vs Flyers

Created - 5 février 2018 at 18:46

Goals
1 2 3 T
Devils 0 1 0 1
Flyers 1 0 1 2
Shots
1 2 3 T
Devils 4 18 7 29
Flyers 6 13 12 31

1st period

1. Flyers , Filip Forsberg 15 (P.K. Subban 23, Patrick Kane 22) at 0:10

Penalties :
Alexander Edler (NJD) for Hooking (Minor) at 9:37

2nd period

2. Devils , T.J. Oshie 15 (Danton Heinen 10, Shea Weber 20) at 12:20

Penalties :
Darnell Nurse (PHI) for Hooking (Minor) at 1:08, Danton Heinen (NJD) for Roughing (Minor) at 14:37

3rd period

3. Flyers , Ivan Barbashev 5 (Brendan Perlini 3, Justin Faulk 9) at 7:14

Penalties :
Nazem Kadri (NJD) for Tripping (Minor) at 11:01, Shea Weber (NJD) for Hooking (Minor) at 19:05

Goalie Stats

Scott Darling (NJD), 29 saves from 31 shots - (0,935), L, 16-13-6, 60:00 minutes
Matt Murray (PHI), 28 saves from 29 shots - (0,966), W, 23-12-2, 60:00 minutes

Players Stats for Devils

Player Name              G  A  P  +/- PIM S  H  SB GA TA FO     MP     PP MP  PK MP  
------------------------------------------------------------------------------------
Alexander Edler          0  0  0   0  2   0  1  1  0  0  0/0    16:01   0:46   0:00 
Alexander Kerfoot        0  0  0  -1  0   2  3  0  0  0  0/0    16:34   1:05   1:08 
Andrew Cogliano          0  0  0   0  0   2  2  0  1  0  0/0    12:57   0:00   3:33 
Ben Lovejoy              0  0  0   0  0   1  1  1  0  0  0/0    21:06   0:00   3:43 
Brayden Point            0  0  0   1  0   0  1  0  1  1  7/8    15:26   0:54   0:26 
Conor Sheary             0  0  0  -1  0   1  3  1  1  0  0/0    15:00   0:00   1:30 
Daniel O'Regan           0  0  0   0  0   1  0  0  0  0  0/0     9:08   0:00   0:00 
Danton Heinen            0  1  1   1  2   1  0  2  0  0  0/0    15:16   0:54   0:00 
Dmitry Kulikov           0  0  0  -1  0   0  0  1  1  0  0/0    21:26   0:00   3:08 
Dominic Moore            0  0  0   0  0   0  1  0  0  0  3/3    11:13   0:00   2:03 
Matt Hunwick             0  0  0   0  0   0  2  1  0  0  0/0    22:00   1:13   3:08 
Nazem Kadri              0  0  0  -1  2   6  3  0  0  0  5/11   14:58   0:00   1:27 
Nick Holden              0  0  0   0  0   0  0  0  0  1  0/0    19:18   0:46   3:43 
Shea Weber               0  1  1  -1  2   2  1  3  0  0  0/0    20:09   1:13   0:00 
Steven Stamkos           0  0  0  -1  0   4  3  1  0  1  9/17   15:12   1:05   0:00 
T.J. Oshie               1  0  1   1  0   6  3  0  1  0  0/1    14:47   0:54   0:00 
Tanner Pearson           0  0  0  -1  0   2  2  1  0  0  1/2    13:30   0:00   0:00 
Tyler Johnson            0  0  0  -1  0   1  1  0  1  0  4/5    19:04   1:05   3:35 

Players Stats for Flyers

Player Name              G  A  P  +/- PIM S  H  SB GA TA FO     MP     PP MP  PK MP  
------------------------------------------------------------------------------------
Brandon Carlo            0  0  0   1  0   1  0  0  0  1  0/0    18:09   0:00   1:20 
Brendan Perlini          0  1  1   1  0   5  1  0  0  0  0/0     8:40   0:00   0:00 
Calle Jarnkrok           0  0  0   0  0   2  2  0  0  0  0/1    14:03   0:00   0:32 
Casey Cizikas            0  0  0   0  0   5  0  2  0  0  5/10   14:28   0:00   1:08 
Charlie Coyle            0  0  0  -1  0   1  1  0  0  1  0/0    13:27   0:07   0:00 
Darnell Nurse            0  0  0   0  2   1  2  0  0  0  0/0    14:50   0:00   0:00 
Elias Lindholm           0  0  0   0  0   3  1  0  0  0  2/2    18:03   3:33   1:09 
Evgeni Malkin            0  0  0   1  0   2  3  1  1  0  3/17   18:43   3:11   0:00 
Filip Forsberg           1  0  1   1  0   2  1  1  0  0  0/1    18:43   3:11   0:00 
Ivan Barbashev           1  0  1   1  0   4  4  1  0  0  2/4     8:40   0:00   0:00 
Justin Faulk             0  1  1   1  0   1  2  0  1  1  0/0    21:20   3:32   1:20 
Leon Draisaitl           0  0  0  -1  0   0  0  1  0  1  1/1    17:36   3:40   0:29 
Michael Matheson         0  0  0   0  0   1  0  0  0  0  0/0    19:03   3:32   0:39 
P.K. Subban              0  1  1   0  0   0  3  1  0  2  0/0    22:59   3:19   0:00 
Patrick Kane             0  1  1   1  0   1  1  0  0  0  0/0    18:43   3:11   0:00 
TJ Brodie                0  0  0   0  0   0  1  1  0  0  0/0    23:54   3:19   0:39 
Travis Konecny           0  0  0   1  0   1  0  0  0  0  0/0     9:15   0:00   0:18 
Vincent Trocheck         0  0  0  -1  0   1  1  0  1  0  5/11   17:24   3:40   0:22 

3 Stars

1 - Matt Murray (PHI)
2 - Ivan Barbashev (PHI)
3 - T.J. Oshie (NJD)

Power Play

Devils - 0 on 1 Attempt(s) - 0,00%
Flyers - 0 on 4 Attempt(s) - 0,00%

Penalty Kill

Devils - 4 on 4 Attempt(s) - 100,00% - Score 0 goal in Penalty Kill
Flyers - 1 on 1 Attempt(s) - 100,00% - Score 0 goal in Penalty Kill

Team Stat

Devils - Hits : 27 - Faceoff Wins : 29 - Blocked Shots : 12 - Penalty Minutes : 8
Flyers - Hits : 23 - Faceoff Wins : 18 - Blocked Shots : 8 - Penalty Minutes : 2

Official

Referees : Garrett Rank and Mark Lemelin
Linesman : Kiel Murchison and David Brisebois

Game Notes

No Game Note

Finance

Level 1 -- Attendance: 5257 (87,62%) -- Ticket Income 499 415 $
Level 2 -- Attendance: 5000 (100,00%) -- Ticket Income 270 000 $
Level 3 -- Attendance: 2000 (100,00%) -- Ticket Income 66 000 $
Level 4 -- Attendance: 4000 (100,00%) -- Ticket Income 88 000 $
Luxury Box -- Attendance: 945 (94,50%) -- Ticket Income 155 925 $
Game was played at the Spectrum.
Total Attendance: 17202 (95,57%)
Total Ticket Income: 1 079 340 $
Other Income: 528 877 $
Total Income: 1 608 217 $

Devils

5 vs 5 Forward 
   Center                   Left Wing                Right Wing               Time % Phy DF OF 
 1 Steven Stamkos           Alexander Kerfoot        Tyler Johnson            32     0   1  4  
 2 Brayden Point            Danton Heinen            T.J. Oshie               32     0   1  4  
 3 Nazem Kadri              Tanner Pearson           Conor Sheary             30     0   1  4  
 4 Dominic Moore            Andrew Cogliano          Daniel O'Regan           6      0   2  3  

5 vs 5 Defense 
   Defense                  Defense                                           Time % Phy DF OF 
 1 Shea Weber               Dmitry Kulikov                                    37     1   2  2  
 2 Matt Hunwick             Ben Lovejoy                                       34     1   2  2  
 3 Nick Holden              Alexander Edler                                   25     1   2  2  
 4 Shea Weber               Ben Lovejoy                                       4      1   2  2  

PowerPlay Forward 
   Center                   Left Wing                Right Wing               Time % Phy DF OF 
 1 Steven Stamkos           Alexander Kerfoot        Tyler Johnson            50     0   0  5  
 2 Brayden Point            Danton Heinen            T.J. Oshie               50     0   0  5  

PowerPlay Defense
   Defense                  Defense                                           Time % Phy DF OF 
 1 Shea Weber               Matt Hunwick                                      50     0   1  4  
 2 Nick Holden              Alexander Edler                                   50     0   1  4  

Penalty Kill 4 Players Forward 
   Center                   Wing                     Time % Phy DF OF 
 1 Tyler Johnson            Andrew Cogliano          60     1   4  0  
 2 Dominic Moore            Nazem Kadri              40     1   4  0  

Penalty Kill 4 Players Defense
   Defense                  Defense                  Time % Phy DF OF 
 1 Matt Hunwick             Dmitry Kulikov           50     1   4  0  
 2 Nick Holden              Ben Lovejoy              50     1   2  2  

Penalty Kill - 3 Players Forward 
   Forward                                           Time % Phy DF OF 
 1 Andrew Cogliano                                   66     0   5  0  
 2 Tyler Johnson                                     34     0   5  0  

Penalty Kill - 3 Players Defense
   Defense                  Defense                  Time % Phy DF OF 
 1 Shea Weber               Alexander Edler          60     0   5  0  
 2 Nick Holden              Ben Lovejoy              40     0   5  0  

4 vs 4 Forward 
   Center                   Wing                     Time % Phy DF OF 
 1 Steven Stamkos           Nazem Kadri              50     0   1  4  
 2 Danton Heinen            T.J. Oshie               50     0   1  4  

4 vs 4 Defense
   Defense                  Defense                  Time % Phy DF OF 
 1 Shea Weber               Matt Hunwick             50     0   2  3  
 2 Nick Holden              Alexander Edler          50     0   2  3  

Last Minutes Offensive
   Center                   Left Wing                Right Wing               Defense                  Defense                  
   Steven Stamkos           T.J. Oshie               Nazem Kadri              Shea Weber               Alexander Edler          

Last Minutes Defensive
   Center                   Left Wing                Right Wing               Defense                  Defense                  
   Steven Stamkos           T.J. Oshie               Nazem Kadri              Shea Weber               Alexander Edler          

Goaltenders
Starting : Scott Darling            
Backup : Steve Mason              

Extra Forwards
Normal : Danton Heinen, Brayden Point, Conor Sheary - PP : Danton Heinen, Brayden Point - PK : Conor Sheary
Extra Defensemen
Normal : Matt Hunwick, Dmitry Kulikov, Nick Holden - PP : Matt Hunwick - PK : Dmitry Kulikov, Nick Holden
Penalty Shots
T.J. Oshie, Brayden Point, Danton Heinen, Alexander Kerfoot, Steven Stamkos
Custom OT Lines Forwards
Steven Stamkos, T.J. Oshie, Nazem Kadri, Tyler Johnson, Tanner Pearson, Andrew Cogliano, Danton Heinen, Brayden Point, Conor Sheary, Alexander Kerfoot
Custom OT Lines Defensemen
Shea Weber, Alexander Edler, Nick Holden, Ben Lovejoy, Matt Hunwick

Scratches
Alexander Debrincat (Bruised Right Foot Injury), Linden Vey (Left Hand Injury), Michal Neuvirth (Healthy)

Flyers

5 vs 5 Forward 
   Center                   Left Wing                Right Wing               Time % Phy DF OF 
 1 Evgeni Malkin            Patrick Kane             Filip Forsberg           33     0   3  2  
 2 Vincent Trocheck         Leon Draisaitl           Charlie Coyle            30     0   1  4  
 3 Casey Cizikas            Calle Jarnkrok           Elias Lindholm           27     0   3  2  
 4 Ivan Barbashev           Brendan Perlini          Travis Konecny           10     0   4  1  

5 vs 5 Defense 
   Defense                  Defense                                           Time % Phy DF OF 
 1 P.K. Subban              TJ Brodie                                         37     0   4  1  
 2 Justin Faulk             Brandon Carlo                                     34     0   4  1  
 3 Darnell Nurse            Michael Matheson                                  29     0   4  1  
 4 P.K. Subban              Michael Matheson                                  0      1   2  2  

PowerPlay Forward 
   Center                   Left Wing                Right Wing               Time % Phy DF OF 
 1 Evgeni Malkin            Patrick Kane             Filip Forsberg           60     0   0  5  
 2 Vincent Trocheck         Leon Draisaitl           Elias Lindholm           40     0   0  5  

PowerPlay Defense
   Defense                  Defense                                           Time % Phy DF OF 
 1 P.K. Subban              TJ Brodie                                         60     0   1  4  
 2 Justin Faulk             Michael Matheson                                  40     0   1  4  

Penalty Kill 4 Players Forward 
   Center                   Wing                     Time % Phy DF OF 
 1 Elias Lindholm           Casey Cizikas            60     0   5  0  
 2 Vincent Trocheck         Calle Jarnkrok           40     0   5  0  

Penalty Kill 4 Players Defense
   Defense                  Defense                  Time % Phy DF OF 
 1 Justin Faulk             Brandon Carlo            60     0   5  0  
 2 TJ Brodie                Michael Matheson         40     0   5  0  

Penalty Kill - 3 Players Forward 
   Forward                                           Time % Phy DF OF 
 1 Casey Cizikas                                     60     0   5  0  
 2 Calle Jarnkrok                                    40     0   5  0  

Penalty Kill - 3 Players Defense
   Defense                  Defense                  Time % Phy DF OF 
 1 Justin Faulk             Brandon Carlo            60     0   5  0  
 2 TJ Brodie                Michael Matheson         40     0   5  0  

4 vs 4 Forward 
   Center                   Wing                     Time % Phy DF OF 
 1 Evgeni Malkin            Patrick Kane             60     0   4  1  
 2 Vincent Trocheck         Leon Draisaitl           40     0   4  1  

4 vs 4 Defense
   Defense                  Defense                  Time % Phy DF OF 
 1 P.K. Subban              TJ Brodie                60     0   4  1  
 2 Justin Faulk             Brandon Carlo            40     0   4  1  

Last Minutes Offensive
   Center                   Left Wing                Right Wing               Defense                  Defense                  
   Evgeni Malkin            Patrick Kane             Vincent Trocheck         P.K. Subban              Justin Faulk             

Last Minutes Defensive
   Center                   Left Wing                Right Wing               Defense                  Defense                  
   Elias Lindholm           Filip Forsberg           Vincent Trocheck         P.K. Subban              Brandon Carlo            

Goaltenders
Starting : Matt Murray              
Backup : Tristan Jarry            

Extra Forwards
Normal : Elias Lindholm, Calle Jarnkrok, Travis Konecny - PP : Charlie Coyle, Calle Jarnkrok - PK : Calle Jarnkrok
Extra Defensemen
Normal : Michael Matheson, Darnell Nurse, Justin Faulk - PP : Darnell Nurse - PK : P.K. Subban, Justin Faulk
Penalty Shots
Evgeni Malkin, Patrick Kane, Vincent Trocheck, Leon Draisaitl, Filip Forsberg
Custom OT Lines Forwards
Evgeni Malkin, Patrick Kane, Vincent Trocheck, Leon Draisaitl, Filip Forsberg, Elias Lindholm, Calle Jarnkrok, Charlie Coyle, Brendan Perlini, Travis Konecny
Custom OT Lines Defensemen
P.K. Subban, TJ Brodie, Justin Faulk, Michael Matheson, Brandon Carlo

Scratches
Artturi Lehkonen (Head Injury), Borna Rendulic (Healthy)

% Time on Ice - Devils

Lines # - Real PCT - Wanted PCT - Time Play
Normal Forward
1 - 29% - 32% - 14:37
2 - 27% - 32% - 13:55
3 - 26% - 30% - 13:30
4 - 18% - 6% - 9:08
Normal Defense
1 - 37% - 37% - 19:07
2 - 33% - 34% - 16:59
3 - 29% - 25% - 14:40
4 - 1% - 4% - 0:24
PP Forward
1 - 55% - 50% - 1:05
2 - 45% - 50% - 0:54
PP Defense
1 - 61% - 50% - 1:13
2 - 39% - 50% - 0:46
PK Forward
1 - 70% - 60% - 4:48
2 - 30% - 40% - 2:03
PK Defense
1 - 46% - 50% - 3:08
2 - 54% - 50% - 3:43
PK3 Forward
1 - 0% - 66%
2 - 0% - 34%
PK3 Defense
1 - 0% - 60%
2 - 0% - 40%
44 Forward
1 - 0% - 50%
2 - 0% - 50%
44 Defense
1 - 0% - 50%
2 - 0% - 50%
Last Minute Offensive  - 0:00
Last Minute Defensive  - 0:00
Total
Forward - 60:00
Defense - 60:00

% Time on Ice - Flyers

Lines # - Real PCT - Wanted PCT - Time Play
Normal Forward
1 - 31% - 33% - 15:48
2 - 26% - 30% - 13:22
3 - 26% - 27% - 13:20
4 - 17% - 10% - 8:40
Normal Defense
1 - 38% - 37% - 19:29
2 - 33% - 34% - 16:55
3 - 29% - 29% - 14:35
4 - 0% - 0% - 0:11
PP Forward
1 - 46% - 60% - 3:11
2 - 54% - 40% - 3:40
PP Defense
1 - 48% - 60% - 3:19
2 - 52% - 40% - 3:32
PK Forward
1 - 82% - 60% - 1:37
2 - 18% - 40% - 0:22
PK Defense
1 - 67% - 60% - 1:20
2 - 33% - 40% - 0:39
PK3 Forward
1 - 0% - 60%
2 - 0% - 40%
PK3 Defense
1 - 0% - 60%
2 - 0% - 40%
44 Forward
1 - 0% - 60%
2 - 0% - 40%
44 Defense
1 - 0% - 60%
2 - 0% - 40%
Last Minute Offensive  - 0:00
Last Minute Defensive  - 0:00
Total
Forward - 60:00
Defense - 60:00

Play by Play

1st period


0:01 of 1st period - Evgeni Malkin wins face-off versus Steven Stamkos in neutral zone.
0:04 of 1st period - Wrist shot by Patrick Kane.
0:04 of 1st period - Shot Misses the Net.
0:06 of 1st period - Snap shot by P.K. Subban.
0:06 of 1st period - Shot Blocked by Shea Weber.
0:08 of 1st period - Slapshot by P.K. Subban.
0:08 of 1st period - Shot Blocked by Shea Weber.
0:10 of 1st period - Snap shot by Filip Forsberg.
0:10 of 1st period - Goal by Filip Forsberg - Devils : 0 - Flyers : 1.
0:11 of 1st period - Brayden Point wins face-off versus Vincent Trocheck in neutral zone.
0:18 of 1st period - Snap shot by Brayden Point.
0:18 of 1st period - Shot Misses the Net.
0:43 of 1st period - Snap shot by Casey Cizikas.
0:43 of 1st period - Stopped by Scott Darling with a rebound.
0:45 of 1st period - Slapshot by Brandon Carlo.
0:45 of 1st period - Shot Blocked by Tanner Pearson.
2:59 of 1st period - Snap shot by Travis Konecny.
2:59 of 1st period - Deflect By Brendan Perlini.
2:59 of 1st period - Stopped by Scott Darling with a rebound.
3:01 of 1st period - Slapshot by Brendan Perlini.
3:01 of 1st period - Stopped by Scott Darling with a rebound.
3:03 of 1st period - Slapshot by Michael Matheson.
3:03 of 1st period - Shot Blocked by Alexander Edler.
3:05 of 1st period - Snap shot by Ivan Barbashev.
3:05 of 1st period - Stopped by Scott Darling without a rebound.
3:06 of 1st period - Steven Stamkos wins face-off versus Evgeni Malkin in Devils zone.
4:14 of 1st period - Ben Lovejoy is hit by P.K. Subban and loses puck.
4:25 of 1st period - P.K. Subban is hit by Alexander Kerfoot and loses puck.
5:59 of 1st period - Snap shot by T.J. Oshie.
5:59 of 1st period - Stopped by Matt Murray with a rebound.
6:19 of 1st period - Snap shot by Brendan Perlini.
6:19 of 1st period - Shot Blocked by Shea Weber.
6:45 of 1st period - Casey Cizikas is hit by Steven Stamkos and loses puck.
7:08 of 1st period - TJ Brodie is hit by Conor Sheary and loses puck.
8:08 of 1st period - Nick Holden is hit by Darnell Nurse and loses puck.
8:36 of 1st period - Shea Weber is hit by Calle Jarnkrok and loses puck.
9:10 of 1st period - Darnell Nurse is hit by Steven Stamkos and loses puck.
9:17 of 1st period - Steven Stamkos is hit by Justin Faulk and loses puck.
9:37 of 1st period - Minor Penalty to Alexander Edler for Hooking.
9:38 of 1st period - Tyler Johnson wins face-off versus Evgeni Malkin in Devils zone.
9:38 of 1st period - Tyler Johnson is hit by P.K. Subban.
9:54 of 1st period - Andrew Cogliano is hit by P.K. Subban and loses puck.
11:37 of 1st period - Penalty to Alexander Edler is over, Alexander Edler is back on ice.
12:10 of 1st period - Off-side.
12:11 of 1st period - Vincent Trocheck wins face-off versus Nazem Kadri in neutral zone.
12:11 of 1st period - Vincent Trocheck is hit by Conor Sheary.
13:27 of 1st period - Brayden Point is hit by TJ Brodie and loses puck.
14:28 of 1st period - Snap shot by T.J. Oshie.
14:28 of 1st period - Stopped by Matt Murray without a rebound.
14:29 of 1st period - Vincent Trocheck wins face-off versus Steven Stamkos in Flyers zone.
14:44 of 1st period - Snap shot by Vincent Trocheck.
14:44 of 1st period - Deflect By Charlie Coyle.
14:44 of 1st period - Shot Misses the Net.
14:44 of 1st period - Puck is out of play.
14:45 of 1st period - Tanner Pearson wins face-off versus Evgeni Malkin in Devils zone.
15:09 of 1st period - Icing by Filip Forsberg.
15:10 of 1st period - Steven Stamkos wins face-off versus Vincent Trocheck in Flyers zone.
15:24 of 1st period - Wrist shot by Steven Stamkos.
15:24 of 1st period - Stopped by Matt Murray with a rebound.
15:36 of 1st period - P.K. Subban is hit by Matt Hunwick and loses puck.
15:51 of 1st period - Wrist shot by Vincent Trocheck.
15:51 of 1st period - Stopped by Scott Darling with a rebound.
16:03 of 1st period - Shea Weber is hit by Darnell Nurse and loses puck.
16:56 of 1st period - Icing by Alexander Edler.
16:57 of 1st period - Dominic Moore wins face-off versus Evgeni Malkin in Devils zone.
17:10 of 1st period - Snap shot by Daniel O'Regan.
17:10 of 1st period - Stopped by Matt Murray without a rebound.
17:11 of 1st period - Steven Stamkos wins face-off versus Evgeni Malkin in Flyers zone.
18:00 of 1st period - Casey Cizikas is hit by Tanner Pearson and loses puck.
18:05 of 1st period - Snap shot by Tanner Pearson.
18:05 of 1st period - Shot Misses the Net.
18:24 of 1st period - Snap shot by Casey Cizikas.
18:24 of 1st period - Shot Misses the Net.
19:32 of 1st period - Ben Lovejoy is hit by Ivan Barbashev and loses puck.
Goals for this period are 0 for Devils vs 1 for Flyers.
Shots for this period are 4 for Devils vs 6 for Flyers.

2nd period


0:01 of 2nd period - Brayden Point wins face-off versus Evgeni Malkin in neutral zone.
0:26 of 2nd period - Vincent Trocheck is hit by Shea Weber and loses puck.
1:08 of 2nd period - Minor Penalty to Darnell Nurse for Hooking.
1:09 of 2nd period - Elias Lindholm wins face-off versus Steven Stamkos in Flyers zone.
1:24 of 2nd period - Wrist shot by Steven Stamkos.
1:24 of 2nd period - Shot Misses the Net.
1:43 of 2nd period - Wrist shot by Danton Heinen.
1:43 of 2nd period - Deflect By T.J. Oshie.
1:43 of 2nd period - Shot Misses the Net.
1:43 of 2nd period - Puck is out of play.
1:44 of 2nd period - Elias Lindholm wins face-off versus Steven Stamkos in Flyers zone.
2:36 of 2nd period - Snap shot by Vincent Trocheck.
2:36 of 2nd period - Shot Blocked by Matt Hunwick.
2:56 of 2nd period - Travis Konecny is hit by Matt Hunwick and loses puck.
3:08 of 2nd period - Penalty to Darnell Nurse is over, Darnell Nurse is back on ice.
4:02 of 2nd period - Nick Holden is hit by Ivan Barbashev and loses puck.
4:09 of 2nd period - Nick Holden is hit by Brendan Perlini and loses puck.
4:23 of 2nd period - Charlie Coyle is hit by T.J. Oshie and loses puck.
4:42 of 2nd period - Snap shot by Elias Lindholm.
4:42 of 2nd period - Stopped by Scott Darling without a rebound.
4:43 of 2nd period - Nazem Kadri wins face-off versus Casey Cizikas in Devils zone.
4:50 of 2nd period - Snap shot by Nazem Kadri.
4:50 of 2nd period - Stopped by Matt Murray without a rebound.
4:51 of 2nd period - Brayden Point wins face-off versus Evgeni Malkin in Flyers zone.
4:58 of 2nd period - Snap shot by T.J. Oshie.
4:58 of 2nd period - Stopped by Matt Murray with a rebound.
5:06 of 2nd period - Slapshot by Evgeni Malkin.
5:06 of 2nd period - Stopped by Scott Darling with a rebound.
5:22 of 2nd period - Wrist shot by Elias Lindholm.
5:22 of 2nd period - Stopped by Scott Darling with a rebound.
6:20 of 2nd period - Travis Konecny is hit by T.J. Oshie and loses puck.
6:27 of 2nd period - Slapshot by Danton Heinen.
6:27 of 2nd period - Stopped by Matt Murray without a rebound.
6:28 of 2nd period - Steven Stamkos wins face-off versus Casey Cizikas in Flyers zone.
8:00 of 2nd period - Dominic Moore is hit by Patrick Kane and loses puck.
8:33 of 2nd period - Icing by Shea Weber.
8:34 of 2nd period - Dominic Moore wins face-off versus Vincent Trocheck in Devils zone.
9:09 of 2nd period - Snap shot by Casey Cizikas.
9:09 of 2nd period - Stopped by Scott Darling without a rebound.
9:10 of 2nd period - Brayden Point wins face-off versus Vincent Trocheck in Devils zone.
9:41 of 2nd period - Slapshot by Brendan Perlini.
9:41 of 2nd period - Shot Misses the Net.
9:47 of 2nd period - Snap shot by T.J. Oshie.
9:47 of 2nd period - Stopped by Matt Murray without a rebound.
9:48 of 2nd period - Casey Cizikas wins face-off versus Steven Stamkos in Flyers zone.
10:01 of 2nd period - Wrist shot by Steven Stamkos.
10:01 of 2nd period - Stopped by Matt Murray with a rebound.
10:13 of 2nd period - Charlie Coyle is hit by Nazem Kadri and loses puck.
10:20 of 2nd period - Wrist shot by Nazem Kadri.
10:20 of 2nd period - Stopped by Matt Murray with a rebound.
10:22 of 2nd period - Snap shot by Nazem Kadri.
10:22 of 2nd period - Stopped by Matt Murray with a rebound.
10:24 of 2nd period - Snap shot by Nick Holden.
10:24 of 2nd period - Deflect By Tanner Pearson.
10:24 of 2nd period - Shot Blocked by TJ Brodie.
10:24 of 2nd period - Puck is out of play.
10:25 of 2nd period - Casey Cizikas wins face-off versus Steven Stamkos in Flyers zone.
10:25 of 2nd period - Casey Cizikas is hit by Steven Stamkos.
10:35 of 2nd period - Backhand shot by Elias Lindholm.
10:35 of 2nd period - Shot Misses the Net.
11:44 of 2nd period - Snap shot by Brendan Perlini.
11:44 of 2nd period - Stopped by Scott Darling with a rebound.
11:46 of 2nd period - Slapshot by Brendan Perlini.
11:46 of 2nd period - Shot Misses the Net.
11:48 of 2nd period - Wrist shot by Ivan Barbashev.
11:48 of 2nd period - Stopped by Scott Darling with a rebound.
11:50 of 2nd period - Snap shot by Ivan Barbashev.
11:50 of 2nd period - Stopped by Scott Darling without a rebound.
11:51 of 2nd period - Steven Stamkos wins face-off versus Casey Cizikas in Devils zone.
12:04 of 2nd period - Snap shot by Alexander Kerfoot.
12:04 of 2nd period - Stopped by Matt Murray with a rebound.
12:06 of 2nd period - Wrist shot by Alexander Kerfoot.
12:06 of 2nd period - Stopped by Matt Murray without a rebound.
12:07 of 2nd period - Leon Draisaitl wins face-off versus Brayden Point in Flyers zone.
12:16 of 2nd period - Slapshot by Danton Heinen.
12:16 of 2nd period - Shot Misses the Net.
12:18 of 2nd period - Wrist shot by T.J. Oshie.
12:18 of 2nd period - Shot Blocked by Leon Draisaitl.
12:20 of 2nd period - Wrist shot by T.J. Oshie.
12:20 of 2nd period - Goal by T.J. Oshie - Devils : 1 - Flyers : 1.
12:21 of 2nd period - Casey Cizikas wins face-off versus Nazem Kadri in neutral zone.
12:24 of 2nd period - Wrist shot by Elias Lindholm.
12:24 of 2nd period - Stopped by Scott Darling with a rebound.
12:30 of 2nd period - Wrist shot by Conor Sheary.
12:30 of 2nd period - Shot Misses the Net.
12:32 of 2nd period - Slapshot by Ben Lovejoy.
12:32 of 2nd period - Shot Misses the Net.
12:34 of 2nd period - Snap shot by Nazem Kadri.
12:34 of 2nd period - Shot Blocked by Casey Cizikas.
12:36 of 2nd period - Slapshot by Ben Lovejoy.
12:36 of 2nd period - Shot Blocked by Casey Cizikas.
12:46 of 2nd period - Alexander Kerfoot is hit by Evgeni Malkin and loses puck.
13:15 of 2nd period - Slapshot by Brayden Point.
13:15 of 2nd period - Shot Misses the Net.
13:17 of 2nd period - Snap shot by Matt Hunwick.
13:17 of 2nd period - Shot Blocked by P.K. Subban.
13:19 of 2nd period - Backhand shot by Ben Lovejoy.
13:19 of 2nd period - Stopped by Matt Murray with a rebound.
13:21 of 2nd period - Wrist shot by T.J. Oshie.
13:21 of 2nd period - Stopped by Matt Murray without a rebound.
13:22 of 2nd period - Nazem Kadri wins face-off versus Evgeni Malkin in Flyers zone.
13:31 of 2nd period - Patrick Kane is hit by Conor Sheary.
13:49 of 2nd period - Off-side.
13:50 of 2nd period - Brayden Point wins face-off versus Casey Cizikas in neutral zone.
13:55 of 2nd period - Snap shot by Brayden Point.
13:55 of 2nd period - Shot Misses the Net.
14:10 of 2nd period - Alexander Edler is hit by Elias Lindholm and loses puck.
14:21 of 2nd period - Wrist shot by Elias Lindholm.
14:21 of 2nd period - Shot Blocked by Danton Heinen.
14:23 of 2nd period - Slapshot by Casey Cizikas.
14:23 of 2nd period - Stopped by Scott Darling with a rebound.
14:25 of 2nd period - Backhand shot by Darnell Nurse.
14:25 of 2nd period - Stopped by Scott Darling with a rebound.
14:27 of 2nd period - Wrist shot by Casey Cizikas.
14:27 of 2nd period - Stopped by Scott Darling with a rebound.
14:29 of 2nd period - Slapshot by Michael Matheson.
14:29 of 2nd period - Stopped by Scott Darling with a rebound.
14:31 of 2nd period - Wrist shot by Elias Lindholm.
14:31 of 2nd period - Shot Misses the Net.
14:33 of 2nd period - Slapshot by Michael Matheson.
14:33 of 2nd period - Deflect By Calle Jarnkrok.
14:33 of 2nd period - Stopped by Scott Darling with a rebound.
14:35 of 2nd period - Backhand shot by Michael Matheson.
14:35 of 2nd period - Shot Blocked by Danton Heinen.
14:37 of 2nd period - Minor Penalty to Danton Heinen for Roughing.
14:38 of 2nd period - Tyler Johnson wins face-off versus Evgeni Malkin in Devils zone.
16:21 of 2nd period - P.K. Subban is hit by Dominic Moore and loses puck.
16:37 of 2nd period - Penalty to Danton Heinen is over, Danton Heinen is back on ice.
17:31 of 2nd period - Ivan Barbashev is hit by T.J. Oshie and loses puck.
18:08 of 2nd period - Dominic Moore is hit by Evgeni Malkin and loses puck.
18:33 of 2nd period - Wrist shot by Tanner Pearson.
18:33 of 2nd period - Stopped by Matt Murray without a rebound.
18:34 of 2nd period - Nazem Kadri wins face-off versus Casey Cizikas in Flyers zone.
18:39 of 2nd period - Wrist shot by Tanner Pearson.
18:39 of 2nd period - Stopped by Matt Murray with a rebound.
18:47 of 2nd period - Wrist shot by Conor Sheary.
18:47 of 2nd period - Stopped by Matt Murray with a rebound.
18:59 of 2nd period - Wrist shot by Steven Stamkos.
18:59 of 2nd period - Deflect By Alexander Kerfoot.
18:59 of 2nd period - Shot Blocked by Filip Forsberg.
18:59 of 2nd period - Puck is out of play.
19:00 of 2nd period - Evgeni Malkin wins face-off versus Steven Stamkos in Flyers zone.
19:20 of 2nd period - Wrist shot by Steven Stamkos.
19:20 of 2nd period - Stopped by Matt Murray without a rebound.
19:21 of 2nd period - Vincent Trocheck wins face-off versus Nazem Kadri in Flyers zone.
19:21 of 2nd period - Vincent Trocheck is hit by Nazem Kadri.
19:35 of 2nd period - Wrist shot by Nazem Kadri.
19:35 of 2nd period - Stopped by Matt Murray with a rebound.
19:37 of 2nd period - Snap shot by Nazem Kadri.
19:37 of 2nd period - Stopped by Matt Murray without a rebound.
19:38 of 2nd period - Evgeni Malkin wins face-off versus Steven Stamkos in Flyers zone.
Goals for this period are 1 for Devils vs 0 for Flyers.
Shots for this period are 18 for Devils vs 13 for Flyers.

3rd period


0:01 of 3rd period - Brayden Point wins face-off versus Vincent Trocheck in neutral zone.
0:57 of 3rd period - Wrist shot by Elias Lindholm.
0:57 of 3rd period - Shot Blocked by Steven Stamkos.
1:17 of 3rd period - Darnell Nurse is hit by Tyler Johnson and loses puck.
1:52 of 3rd period - Snap shot by Elias Lindholm.
1:52 of 3rd period - Shot Misses the Net.
2:56 of 3rd period - P.K. Subban is hit by Tanner Pearson and loses puck.
3:21 of 3rd period - Wrist shot by Brendan Perlini.
3:21 of 3rd period - Stopped by Scott Darling with a rebound.
3:30 of 3rd period - Icing by P.K. Subban.
3:31 of 3rd period - Dominic Moore wins face-off versus Ivan Barbashev in Flyers zone.
3:32 of 3rd period - Wrist shot by Andrew Cogliano.
3:32 of 3rd period - Stopped by Matt Murray without a rebound.
3:33 of 3rd period - Brayden Point wins face-off versus Evgeni Malkin in Flyers zone.
3:38 of 3rd period - Wrist shot by Brayden Point.
3:38 of 3rd period - Shot Blocked by Evgeni Malkin.
3:50 of 3rd period - Snap shot by Evgeni Malkin.
3:50 of 3rd period - Stopped by Scott Darling with a rebound.
4:05 of 3rd period - Wrist shot by Shea Weber.
4:05 of 3rd period - Stopped by Matt Murray without a rebound.
4:06 of 3rd period - Casey Cizikas wins face-off versus Nazem Kadri in Flyers zone.
5:44 of 3rd period - Patrick Kane is hit by Alexander Edler and loses puck.
5:49 of 3rd period - Snap shot by Filip Forsberg.
5:49 of 3rd period - Shot Blocked by Conor Sheary.
5:51 of 3rd period - Snap shot by Evgeni Malkin.
5:51 of 3rd period - Shot Misses the Net.
5:53 of 3rd period - Snap shot by Filip Forsberg.
5:53 of 3rd period - Stopped by Scott Darling with a rebound.
5:55 of 3rd period - Snap shot by Patrick Kane.
5:55 of 3rd period - Shot Misses the Net.
5:57 of 3rd period - Snap shot by Patrick Kane.
5:57 of 3rd period - Stopped by Scott Darling with a rebound.
6:11 of 3rd period - Brandon Carlo is hit by Alexander Kerfoot and loses puck.
6:44 of 3rd period - Daniel O'Regan is hit by Filip Forsberg and loses puck.
6:59 of 3rd period - Slapshot by Andrew Cogliano.
6:59 of 3rd period - Stopped by Matt Murray without a rebound.
7:00 of 3rd period - Nazem Kadri wins face-off versus Ivan Barbashev in Flyers zone.
7:07 of 3rd period - Tanner Pearson is hit by Justin Faulk and loses puck.
7:12 of 3rd period - Snap shot by Brendan Perlini.
7:12 of 3rd period - Stopped by Scott Darling with a rebound.
7:14 of 3rd period - Slapshot by Ivan Barbashev.
7:14 of 3rd period - Goal by Ivan Barbashev - Devils : 1 - Flyers : 2.
7:15 of 3rd period - Steven Stamkos wins face-off versus Evgeni Malkin in neutral zone.
7:46 of 3rd period - Slapshot by P.K. Subban.
7:46 of 3rd period - Shot Blocked by Dmitry Kulikov.
7:48 of 3rd period - Slapshot by Charlie Coyle.
7:48 of 3rd period - Stopped by Scott Darling with a rebound.
7:50 of 3rd period - Wrist shot by Charlie Coyle.
7:50 of 3rd period - Shot Misses the Net.
8:19 of 3rd period - Icing by Shea Weber.
8:20 of 3rd period - Ivan Barbashev wins face-off versus Tanner Pearson in Devils zone.
8:25 of 3rd period - Wrist shot by Travis Konecny.
8:25 of 3rd period - Stopped by Scott Darling without a rebound.
8:26 of 3rd period - Steven Stamkos wins face-off versus Evgeni Malkin in Devils zone.
10:02 of 3rd period - Snap shot by Steven Stamkos.
10:02 of 3rd period - Stopped by Matt Murray without a rebound.
10:03 of 3rd period - Vincent Trocheck wins face-off versus T.J. Oshie in Flyers zone.
10:30 of 3rd period - Brandon Carlo is hit by Ben Lovejoy and loses puck.
11:01 of 3rd period - Minor Penalty to Nazem Kadri for Tripping.
11:02 of 3rd period - Tyler Johnson wins face-off versus Filip Forsberg in Devils zone.
11:02 of 3rd period - Tyler Johnson is hit by Evgeni Malkin.
13:01 of 3rd period - Penalty to Nazem Kadri is over, Nazem Kadri is back on ice.
13:10 of 3rd period - Danton Heinen is hit by Ivan Barbashev and loses puck.
13:57 of 3rd period - Brendan Perlini is hit by Andrew Cogliano and loses puck.
14:02 of 3rd period - Snap shot by Andrew Cogliano.
14:02 of 3rd period - Shot Blocked by Ivan Barbashev.
14:12 of 3rd period - Ben Lovejoy is hit by Calle Jarnkrok and loses puck.
15:10 of 3rd period - Brandon Carlo is hit by Nazem Kadri and loses puck.
16:05 of 3rd period - Daniel O'Regan is hit by Ivan Barbashev and loses puck.
16:16 of 3rd period - Justin Faulk is hit by Andrew Cogliano.
16:26 of 3rd period - Vincent Trocheck is hit by Alexander Kerfoot and loses puck.
16:35 of 3rd period - Ben Lovejoy is hit by Charlie Coyle.
16:49 of 3rd period - Wrist shot by Nazem Kadri.
16:49 of 3rd period - Stopped by Matt Murray without a rebound.
16:50 of 3rd period - Nazem Kadri wins face-off versus Calle Jarnkrok in Flyers zone.
16:51 of 3rd period - Wrist shot by Tanner Pearson.
16:51 of 3rd period - Shot Hit the Post.
17:15 of 3rd period - Evgeni Malkin is hit by Brayden Point and loses puck.
17:43 of 3rd period - Slapshot by Tyler Johnson.
17:43 of 3rd period - Stopped by Matt Murray without a rebound.
17:44 of 3rd period - Ivan Barbashev wins face-off versus Nazem Kadri in Flyers zone.
17:53 of 3rd period - Snap shot by Brendan Perlini.
17:53 of 3rd period - Shot Blocked by Ben Lovejoy.
17:55 of 3rd period - Slapshot by Brendan Perlini.
17:55 of 3rd period - Shot Misses the Net.
17:57 of 3rd period - Slapshot by Justin Faulk.
17:57 of 3rd period - Stopped by Scott Darling without a rebound.
17:58 of 3rd period - Casey Cizikas wins face-off versus Nazem Kadri in Devils zone.
18:03 of 3rd period - Wrist shot by Casey Cizikas.
18:03 of 3rd period - Shot Misses the Net.
18:05 of 3rd period - Wrist shot by Brandon Carlo.
18:05 of 3rd period - Shot Misses the Net.
18:07 of 3rd period - Slapshot by Brandon Carlo.
18:07 of 3rd period - Stopped by Scott Darling with a rebound.
18:09 of 3rd period - Snap shot by Elias Lindholm.
18:09 of 3rd period - Shot Misses the Net.
18:11 of 3rd period - Snap shot by Casey Cizikas.
18:11 of 3rd period - Stopped by Scott Darling with a rebound.
18:13 of 3rd period - Snap shot by Justin Faulk.
18:13 of 3rd period - Deflect By Calle Jarnkrok.
18:13 of 3rd period - Stopped by Scott Darling without a rebound.
18:14 of 3rd period - Steven Stamkos wins face-off versus Evgeni Malkin in Devils zone.
18:19 of 3rd period - Slapshot by Shea Weber.
18:19 of 3rd period - Stopped by Matt Murray without a rebound.
18:20 of 3rd period - Steven Stamkos wins face-off versus Evgeni Malkin in Flyers zone.
18:33 of 3rd period - Slapshot by Steven Stamkos.
18:33 of 3rd period - Shot Misses the Net.
18:46 of 3rd period - Slapshot by Filip Forsberg.
18:46 of 3rd period - Shot Misses the Net.
19:05 of 3rd period - Minor Penalty to Shea Weber for Hooking.
19:06 of 3rd period - Vincent Trocheck wins face-off versus Tyler Johnson in Devils zone.
19:14 of 3rd period - Wrist shot by Leon Draisaitl.
19:14 of 3rd period - Deflect By Elias Lindholm.
19:14 of 3rd period - Shot Misses the Net.
19:14 of 3rd period - Puck is out of play.
19:15 of 3rd period - Barry Trotz call a timeout for Devils.
19:15 of 3rd period - Tyler Johnson wins face-off versus Vincent Trocheck in Devils zone.
19:56 of 3rd period - Matt Hunwick is hit by Vincent Trocheck and loses puck.
Goals for this period are 0 for Devils vs 1 for Flyers.
Shots for this period are 7 for Devils vs 12 for Flyers.